AoeStats
← josefatapiai

Arena

520754276Analyzed
4v4 RM · 4d ago on Nov 13, 2026· 48m 28s· 8 players
Game mode
Random Map
Map size
Large (8 player)
Population
200
Speed
Normal
Resources
Standard
Victory
Conquest
Starting age
Dark Age
Ending age
Imperial Age
RankedLock teamsTeams togetherTeam positionsShared explorationLock speedFull tech treeHidden civsTurbo modeCheats
Victory
Defeat
🇨🇳 Chinese · China
1152
+17
🇨🇳 Danes · China
1150
+17
🇧🇷 Britons · Brazil
1139
+18
🇺🇸 Teutons · United States
1137
+18
vs
🇲🇽 Wu · Mexico
1205
-18
🇨🇱 Spanish · Chile
1203
-18
🇺🇾 Franks · Uruguay
1180
-18
🇦🇷 Hindustanis · Argentina
1125
-16
The Chosen One
11:15 Feudal Age
16:04 Castle Age
15:04 Double-Bit Axe
17:47 Bow Saw
24:09 Loom
24:59 Wheelbarrow
25:37 Fortified Wall
25:27 Horse Collar
26:57 Heavy Plow
27:38 Hand Cart
32:33 Imperial Age
30:29 Masonry
30:36 Town Watch
30:30 Pikeman
31:11 Squires
30:32 Man-at-Arms
30:57 Gambesons
31:43 Gold Mining
31:43 Stone Mining
32:05 Scale Mail Armor
32:16 Forging
31:57 Arson
33:36 Chain Mail Armor
34:26 Two-Man Saw
34:07 Stone Shaft Mining
34:20 Crop Rotation
33:18 Halberdier
33:18 Long Swordsman
35:05 Conscription
35:10 Ironclad
35:18 Two-Handed Swordsman
39:12 Plate Mail Armor
39:18 Iron Casting
42:08 Blast Furnace
40:35 Capped Ram
42:09 Champion
45:34 Guilds
情妇
10:02 Feudal Age
10:45 Double-Bit Axe
13:35 Castle Age
12:11 Horse Collar
15:31 Bow Saw
16:02 Wheelbarrow
16:20 Wheelbarrow
22:42 Gold Mining
23:32 Hand Cart
23:22 Stone Mining
24:10 Gold Shaft Mining
24:20 Gold Shaft Mining
23:36 Stone Mining
23:53 Heavy Plow
28:17 Imperial Age
25:38 Loom
25:55 Scale Mail Armor
26:55 Town Watch
27:21 Forging
27:27 Chain Mail Armor
27:41 Arson
27:57 Squires
29:21 Iron Casting
29:35 Stone Shaft Mining
28:43 Elite Varangian Guard
30:04 Coinage
29:26 Capped Ram
31:21 Plate Mail Armor
31:51 Blast Furnace
30:42 Fletching
31:19 Conscription
30:25 Hamask
32:15 Siege Ram
33:58 Banking
34:36 Bodkin Arrow
36:51 Heavy Scorpion
37:41 Pikeman
38:53 Halberdier
45:17 Gambesons
S.O.A.D_BR
12:13 Feudal Age
16:35 Castle Age
14:30 Stone Mining
15:04 Double-Bit Axe
16:18 Fletching
23:13 Horse Collar
27:34 Bow Saw
27:32 Heavy Plow
28:39 Masonry
28:53 Bodkin Arrow
32:17 Imperial Age
29:34 Loom
30:31 Padded Archer Armor
31:03 Squires
31:13 Town Watch
30:54 Crossbowman
32:08 Yeomen
32:34 Ballistics
32:32 Arbalester
33:31 Bracer
34:38 Architecture
34:26 Leather Archer Armor
35:08 Hoardings
35:59 Chemistry
37:13 Fortified Wall
46:32 Two-Man Saw
Lemon
0:48 Loom
8:50 Feudal Age
10:11 Double-Bit Axe
15:51 Castle Age
14:26 Horse Collar
20:00 Padded Archer Armor
26:45 Heavy Plow
29:51 Elite Skirmisher
31:34 Gold Mining
32:22 Wheelbarrow
31:58 Bow Saw
32:43 Ballistics
34:46 Hand Cart
34:28 Fletching
35:29 Bodkin Arrow
35:50 Leather Archer Armor
39:30 Imperial Age
37:25 Scale Barding Armor
37:32 Forging
38:19 Bloodlines
38:33 Chain Barding Armor
38:50 Iron Casting
38:43 Husbandry
38:07 Light Cavalry
39:37 Gold Shaft Mining
38:54 Stone Mining
40:51 Ring Archer Armor
40:23 Bracer
41:43 Two-Man Saw
41:49 Chemistry
40:40 Arrowslits
40:52 Heavy Rocket Cart
41:03 Pikeman
41:53 Squires
41:56 Scale Mail Armor
43:00 Blast Furnace
41:33 Elite Chu Ko Nu
43:57 Stone Shaft Mining
43:11 Town Watch
43:04 Halberdier
44:05 Chain Mail Armor
44:32 Conscription
45:50 Plate Mail Armor
46:11 Plate Barding Armor
45:01 Cavalier
48:46 Fortified Wall
rms_0489
10:06 Feudal Age
8:21 Loom
14:22 Castle Age
13:23 Gold Mining
15:11 Fletching
15:21 Horse Collar
18:43 Bodkin Arrow
20:02 Double-Bit Axe
21:59 Red Cliffs Tactics
22:33 Town Watch
25:48 Padded Archer Armor
31:09 Imperial Age
31:50 Ballistics
32:18 Bracer
33:48 Wheelbarrow
33:06 Treadmill Crane
35:15 Chemistry
josefatapiai
11:45 Feudal Age
15:41 Castle Age
16:06 Loom
16:30 Double-Bit Axe
16:27 Horse Collar
25:15 Wheelbarrow
24:29 Town Watch
24:57 Bow Saw
24:49 Heavy Plow
25:51 Padded Archer Armor
27:33 Fletching
28:01 Leather Archer Armor
29:10 Hand Cart
29:54 Gold Mining
29:55 Stone Mining
32:54 Imperial Age
32:01 Scale Barding Armor
32:06 Forging
33:14 Chain Barding Armor
33:52 Stone Shaft Mining
33:35 Bloodlines
33:25 Husbandry
33:03 Cavalier
34:37 Iron Casting
34:07 Town Patrol
35:13 Plate Barding Armor
34:26 Paladin
35:06 Light Cavalry
39:43 Conscription
41:42 Hussar
43:34 Blast Furnace
46:39 Supremacy
45:58 Sappers
Gyurkobeats
10:22 Feudal Age
11:35 Double-Bit Axe
14:03 Castle Age
15:23 Bow Saw
15:29 Gold Mining
16:29 Loom
16:54 Scale Barding Armor
20:50 Light Cavalry
22:32 Wheelbarrow
23:32 Gold Shaft Mining
23:51 Hand Cart
24:25 Stone Mining
25:42 Town Watch
28:54 Imperial Age
27:00 Masonry
26:47 Murder Holes
27:52 Chain Barding Armor
27:42 Forging
28:23 Husbandry
29:04 Fletching
29:19 Padded Archer Armor
30:13 Ballistics
29:47 Cavalier
31:03 Plate Barding Armor
31:04 Iron Casting
30:26 Bodkin Arrow
31:47 Chemistry
31:00 Siege Engineers
32:51 Blast Furnace
32:41 Leather Archer Armor
34:07 Chivalry
34:30 Paladin
34:44 Elite Skirmisher
38:18 Scale Mail Armor
38:57 Architecture
40:25 Fortified Wall
40:01 Arrowslits
40:06 Guard Tower
40:58 Capped Ram
41:04 Heavy Scorpion
adolfo_jay
10:41 Feudal Age
9:00 Loom
15:12 Castle Age
14:17 Double-Bit Axe
14:21 Horse Collar
16:24 Bow Saw
17:07 Heavy Plow
22:06 Wheelbarrow
21:38 Gold Mining
23:37 Hand Cart
24:28 Town Watch
25:20 Gold Shaft Mining
24:38 Stone Mining
26:08 Husbandry
26:18 Bloodlines
27:16 Stone Shaft Mining
30:31 Imperial Age
29:18 Padded Archer Armor
29:10 Fletching
29:24 Town Patrol
30:21 Ballistics
29:56 Murder Holes
30:55 Thumb Ring
31:37 Leather Archer Armor
32:27 Chemistry
31:52 Bodkin Arrow
33:13 Two-Man Saw
33:22 Fortified Wall
33:47 Ring Archer Armor
34:51 Grand Trunk Road
35:12 Conscription
38:58 Siege Engineers
39:14 Shatagni
39:54 Hoardings
Connection lost

Rejoining the realm…

Still unreachable

The connection could not be restored.

Session expired

The server has moved on; the page needs a fresh start.